[Event "13th Senioren-Cup Tegernsee 2025"]
[Site "Rottach-Egern"]
[Date "2025.04.03"]
[Round "6.1"]
[White "Hess, Christian"]
[Black "Schneider-Zinner, Harald"]
[Result "0-1"]
[Annotator "RC"]
[ECO "A13"]
[WhiteElo "2168"]
[BlackElo "2327"]
[PlyCount "58"]
[EventDate "2025.03.25"]
[EventType "swiss"]
[EventCountry "GER"]
[SourceTitle "playchess.com"]
[Source "ChessBase"]
[SourceQuality "1"]
[TimeControl "7800+30"]

1. c4 e6 2. g3 d5 3. Bg2 Nf6 4. Nf3 d4 5. O-O c5 6. b4 cxb4 7. a3 Nc6 8. d3 a5 9. axb4 Bxb4 10. Ba3 O-O 11. Bxb4 Nxb4 12. Nbd2 Re8 13. Nb3 e5 14. Qb1 Nc6 15. Nc5 Qc7 16. Qb5 e4 17. dxe4 Nxe4 18. Nxe4 Rxe4 19. Rfd1 Bd7 20. Qh5 Bg4 21. Qc5 Rd8 22. Rxd4 Rexd4 23. Nxd4 Rxd4 24. Bxc6 Rd6 25. Rxa5 Rxc6 26. Ra8+ Bc8 27. Qe3 Re6 28. Qf4 Qd7 29. Qd4 Re8 0-1

[Event "13th Senioren-Cup Tegernsee 2025"]
[Site "Rottach-Egern"]
[Date "2025.04.03"]
[Round "6.3"]
[White "Heinbuch, Detlef Ulrich"]
[Black "Mueller, Matthias-Michael"]
[Result "1-0"]
[Annotator "RC"]
[ECO "E18"]
[WhiteElo "2263"]
[BlackElo "2307"]
[PlyCount "101"]
[EventDate "2025.03.25"]
[EventType "swiss"]
[EventCountry "GER"]
[SourceTitle "playchess.com"]
[Source "ChessBase"]
[SourceQuality "1"]
[TimeControl "7800+30"]

1. c4 e6 2. g3 d5 3. Bg2 Nf6 4. Nf3 Be7 5. O-O O-O 6. d4 b6 7. Ne5 Bb7 8. Nc3 Na6 9. cxd5 Nxd5 10. e4 Nxc3 11. bxc3 c6 12. Bb2 Nc7 13. Qa4 Qe8 14. Rfd1 f6 15. Nd3 Rf7 16. Qb3 Rd8 17. a4 Bf8 18. e5 f5 19. h4 h6 20. h5 Rfd7 21. Bf3 Rb8 22. c4 b5 23. Nf4 bxc4 24. Qxc4 Nd5 25. Ba3 Bxa3 26. Rxa3 Rbd8 27. Bxd5 cxd5 28. Qc5 Rc8 29. Qxa7 Qe7 30. Raa1 Ra8 31. Qb6 Ra6 32. Qb5 Rc7 33. Rdc1 Kf7 34. Kg2 Qd7 35. Rxc7 Qxc7 36. Rc1 Rc6 37. Rxc6 Qxc6 38. Qxc6 Bxc6 39. a5 Bb5 40. Kf3 Ke7 41. Ke3 Kd7 42. Kd2 Ba6 43. Kc3 Bc8 44. Kb4 Kc6 45. Nd3 Bd7 46. Nc5 Be8 47. Nxe6 Bxh5 48. Nxg7 Bg4 49. f4 h5 50. e6 Kd6 51. a6 1-0

[Event "13th Senioren-Cup Tegernsee 2025"]
[Site "Rottach-Egern"]
[Date "2025.04.03"]
[Round "6.4"]
[White "Pollmann, Sascha"]
[Black "Cordts, Ingo"]
[Result "1/2-1/2"]
[Annotator "RC"]
[ECO "D02"]
[WhiteElo "2071"]
[BlackElo "2151"]
[PlyCount "26"]
[EventDate "2025.03.25"]
[EventType "swiss"]
[EventCountry "GER"]
[SourceTitle "playchess.com"]
[Source "ChessBase"]
[SourceQuality "1"]
[TimeControl "7800+30"]

1. Nf3 d5 2. g3 c5 3. Bg2 Nf6 4. O-O e6 5. d4 cxd4 6. Nxd4 e5 7. Nb3 Be6 8. Bg5 Nbd7 9. e4 dxe4 10. Nc3 Qc7 11. Nxe4 Nd5 12. Nec5 Nxc5 13. Bxd5 Bxd5 1/2-1/2

[Event "13th Senioren-Cup Tegernsee 2025"]
[Site "Rottach-Egern"]
[Date "2025.04.03"]
[Round "6.5"]
[White "Marentini, Marcel"]
[Black "Lindam, Ingo"]
[Result "1/2-1/2"]
[Annotator "RC"]
[ECO "E90"]
[WhiteElo "2036"]
[BlackElo "2151"]
[PlyCount "26"]
[EventDate "2025.03.25"]
[EventType "swiss"]
[EventCountry "GER"]
[SourceTitle "playchess.com"]
[Source "ChessBase"]
[SourceQuality "1"]
[TimeControl "7800+30"]

1. Nf3 Nf6 2. c4 g6 3. Nc3 Bg7 4. e4 d6 5. d4 O-O 6. h3 e5 7. d5 a5 8. Be3 Na6 9. g4 Nd7 10. a3 Nb6 11. Rg1 Bd7 12. h4 Nc5 13. b3 c6 1/2-1/2

[Event "13th Senioren-Cup Tegernsee 2025"]
[Site "Rottach-Egern"]
[Date "2025.04.03"]
[Round "6.6"]
[White "Scheckenbach, Franz"]
[Black "Loew, Gerald"]
[Result "0-1"]
[Annotator "RC"]
[ECO "B01"]
[WhiteElo "2045"]
[BlackElo "2175"]
[PlyCount "100"]
[EventDate "2025.03.25"]
[EventType "swiss"]
[EventCountry "GER"]
[SourceTitle "playchess.com"]
[Source "ChessBase"]
[SourceQuality "1"]
[TimeControl "7800+30"]

1. e4 d5 2. exd5 Nf6 3. Nf3 Nxd5 4. d4 g6 5. Be2 Bg7 6. O-O O-O 7. c4 Nb6 8. h3 c5 9. d5 e6 10. Nc3 exd5 11. Nxd5 Be6 12. Bg5 f6 13. Be3 Nxd5 14. cxd5 Qxd5 15. Qxd5 Bxd5 16. Rfd1 Bf7 17. Bxc5 Re8 18. Bb5 Nc6 19. Rd2 a6 20. Ba4 Rad8 21. Nd4 Nxd4 22. Rxd4 Rxd4 23. Bxd4 Re4 24. Rd1 Bxa2 25. Bc2 Re2 26. Bd3 Re7 27. Bc3 Bb3 28. Ra1 f5 29. Bxg7 Kxg7 30. Ra3 Re1+ 31. Kh2 Bd5 32. Kg3 Rd1 33. Rc3 Rd2 34. b4 Rb2 35. Bc4 Bxc4 36. Rxc4 Kf6 37. f4 Ke6 38. Rd4 h5 39. Kh4 Re2 40. b5 Re4 41. Rd2 axb5 42. Kg5 b4 43. Kxg6 Rxf4 44. Kxh5 b3 45. Kg5 Rb4 46. Re2+ Kd5 47. Rb2 Kd4 48. h4 Kc3 49. Rb1 Rg4+ 50. Kxf5 Rxg2 0-1

[Event "13th Senioren-Cup Tegernsee 2025"]
[Site "Rottach-Egern"]
[Date "2025.04.03"]
[Round "6.7"]
[White "Schwarz, Arnd-Ruediger"]
[Black "Moritz, Hartmut"]
[Result "1-0"]
[Annotator "RC"]
[ECO "E01"]
[WhiteElo "2120"]
[BlackElo "2001"]
[PlyCount "37"]
[EventDate "2025.03.25"]
[EventType "swiss"]
[EventCountry "GER"]
[SourceTitle "playchess.com"]
[Source "ChessBase"]
[SourceQuality "1"]
[TimeControl "7800+30"]

1. d4 e6 2. Nf3 d5 3. c4 Nf6 4. g3 c6 5. Qc2 Nbd7 6. Nbd2 Bd6 7. Bg2 O-O 8. O-O e5 9. dxe5 Nxe5 10. Nxe5 Bxe5 11. cxd5 Nxd5 12. Nc4 Qf6 13. e4 Nb6 14. Nxe5 Qxe5 15. Re1 Qh5 16. Be3 Bh3 17. Qc5 Qg4 18. f3 Qe6 19. Bh1 1-0

[Event "13th Senioren-Cup Tegernsee 2025"]
[Site "Rottach-Egern"]
[Date "2025.04.03"]
[Round "6.8"]
[White "Schrems, Hermann"]
[Black "Kutschenko, Roland"]
[Result "1/2-1/2"]
[Annotator "NA RC"]
[ECO "A54"]
[WhiteElo "2114"]
[BlackElo "1994"]
[PlyCount "121"]
[EventDate "2025.03.25"]
[EventType "swiss"]
[EventCountry "GER"]
[SourceTitle "playchess.com"]
[Source "ChessBase"]
[SourceQuality "1"]
[TimeControl "7800+30"]

1. d4 Nf6 2. Nf3 d6 3. g3 c6 4. Bg2 Qc7 5. O-O Nbd7 6. c4 e5 7. Nc3 a6 8. Qc2 Be7 9. b3 O-O 10. Bb2 Re8 11. Rad1 Bf8 12. h3 Rb8 13. dxe5 dxe5 14. e4 b5 15. cxb5 cxb5 16. Qe2 Bb7 17. Nh4 b4 18. Nd5 Nxd5 19. exd5 g6 20. Rd2 Qd6 21. Rfd1 Bg7 22. Rc2 e4 23. Bxg7 Kxg7 24. Qg4 Kh8 25. Qf4 Qxf4 26. gxf4 Rbc8 27. Rxc8 Bxc8 28. Bf1 Bb7 29. Ng2 f5 30. Ne3 Kg7 31. Rc1 Rc8 32. Rxc8 Bxc8 33. Nc2 a5 34. f3 exf3 35. Kf2 Kf6 36. Kxf3 Bb7 37. Bc4 Nb6 38. Ne3 Ke7 39. Ke2 Kd6 40. Kd3 Bxd5 41. Kd4 Bxc4 42. bxc4 Nd7 43. c5+ Nxc5 44. Nc4+ Kc6 45. Nxa5+ Kb5 46. Nb3 Ne4 47. Nc1 Ka4 48. Kc4 Nc3 49. Kc5 h6 50. h4 Ka3 51. Kc4 Nxa2 52. Nxa2 b3 53. Nc3 Kb2 54. Kd3 Kc1 55. Na4 Kd1 56. Nb2+ Ke1 57. Ke3 Kf1 58. Kf3 Kg1 59. Kg3 h5 60. Nd3 Kh1 61. Kh3 1/2-1/2

[Event "13th Senioren-Cup Tegernsee 2025"]
[Site "Rottach-Egern"]
[Date "2025.04.03"]
[Round "6.9"]
[White "Templin, Klaus Dieter"]
[Black "Kannenberg, Karl-Heinz"]
[Result "0-1"]
[Annotator "NA RC"]
[ECO "D17"]
[WhiteElo "2039"]
[BlackElo "2113"]
[PlyCount "54"]
[EventDate "2025.03.25"]
[EventType "swiss"]
[EventCountry "GER"]
[SourceTitle "playchess.com"]
[Source "ChessBase"]
[SourceQuality "1"]
[TimeControl "7800+30"]

1. d4 d5 2. Nf3 Nf6 3. c4 c6 4. Nc3 dxc4 5. a4 Bf5 6. Ne5 Nbd7 7. Nxc4 Nb6 8. Ne3 Bg6 9. g3 e6 10. Bg2 Nbd5 11. O-O Be7 12. Nc4 O-O 13. Re1 Nb4 14. e4 c5 15. dxc5 Nd3 16. Rf1 Nxc5 17. e5 Nfe4 18. Nxe4 Nxe4 19. Be3 Rc8 20. Rc1 b6 21. h4 h6 22. Qe2 Nc5 23. Bxc5 Rxc5 24. Rfd1 Qc8 25. b4 Rc7 26. Qf1 Bxb4 27. Nxb6 axb6 0-1

[Event "13th Senioren-Cup Tegernsee 2025"]
[Site "Rottach-Egern"]
[Date "2025.04.03"]
[Round "6.10"]
[White "Mareck, Sascha"]
[Black "Wiendieck, Joerg"]
[Result "1-0"]
[Annotator "RC"]
[ECO "B60"]
[WhiteElo "2112"]
[BlackElo "1992"]
[PlyCount "63"]
[EventDate "2025.03.25"]
[EventType "swiss"]
[EventCountry "GER"]
[SourceTitle "playchess.com"]
[Source "ChessBase"]
[SourceQuality "1"]
[TimeControl "7800+30"]

1. e4 c5 2. Nf3 Nc6 3. d4 cxd4 4. Nxd4 Nf6 5. Nc3 d6 6. Bc4 Bd7 7. Bg5 Qa5 8. Bxf6 gxf6 9. Nb3 Qg5 10. O-O Bh3 11. Qf3 Be6 12. Bxe6 fxe6 13. Qh3 f5 14. f4 Qg4 15. Qe3 Rg8 16. Rf2 O-O-O 17. Nb5 Bh6 18. exf5 e5 19. Nxa7+ Nxa7 20. Qxa7 Kc7 21. Na5 Rb8 22. Nc4 Bxf4 23. Qb6+ Kd7 24. Qb5+ Kc7 25. Nb6 Qxf5 26. Nd5+ Kd8 27. Qb6+ Kd7 28. Qc7+ Ke6 29. Nxf4+ exf4 30. Re1+ Kf6 31. Qxe7+ Kg6 32. Qxd6+ 1-0